AoeStats
← Landlord of Lead

Black Forest

507511660Analyzed
4v4 RM · 13d ago on Sep 18, 2026· 98m 53s· 8 players
Game mode
Random Map
Map size
Large (8 player)
Population
200
Speed
Normal
Resources
Standard
Victory
Conquest
Starting age
Dark Age
Ending age
Imperial Age
RankedLock teamsTeams togetherTeam positionsShared explorationLock speedFull tech treeHidden civsTurbo modeCheats
Victory
Defeat
🇺🇸 Bulgarians · United States
849
+22
🇵🇪 Lithuanians · Peru
811
+14
🇫🇷 Malians · France
809
+14
🇬🇧 Malay · United Kingdom
742
+17
🇹🇼 Portuguese · Taiwan
795
-16
🇨🇳 Wei · China
790
-15
🇹🇼 Bohemians · Taiwan
765
-14
🇨🇳 Saracens · China
701
-12
Test
0:30 Loom
13:30 Feudal Age
22:30 Castle Age
23:24 Double-Bit Axe
24:33 Bow Saw
24:07 Horse Collar
28:59 Fishing Lines
34:49 Imperial Age
33:03 Wheelbarrow
33:52 Hand Cart
34:20 Town Watch
35:46 Chemistry
35:06 Ballistics
34:43 Pikeman
35:23 Squires
35:08 Arson
35:45 Scale Mail Armor
35:42 Halberdier
37:16 Conscription
37:02 Wagenburg Tactics
37:47 Heavy Plow
38:51 Two-Man Saw
39:18 Chain Mail Armor
39:13 Forging
39:36 Padded Archer Armor
39:27 Fletching
39:47 Town Patrol
39:46 Elite Skirmisher
40:22 Houfnice
42:20 Plate Mail Armor
42:06 Leather Archer Armor
41:46 Bodkin Arrow
41:48 Gillnets
43:17 Siege Engineers
45:21 Bombard Tower
45:53 Ring Archer Armor
48:09 Fortified Wall
Wololo
0:28 Loom
10:00 Feudal Age
11:17 Wheelbarrow
10:30 Double-Bit Axe
10:28 Horse Collar
16:24 Castle Age
14:58 Stone Mining
16:08 Gold Mining
24:15 Bow Saw
24:51 Heavy Plow
25:37 Gold Shaft Mining
25:04 Fishing Lines
26:39 Stone Shaft Mining
29:26 Forging
29:21 Scale Barding Armor
32:24 Imperial Age
30:12 Hand Cart
29:42 Town Watch
30:39 Tuntian
30:54 Town Patrol
31:34 Iron Casting
31:19 Chain Barding Armor
33:33 Conscription
32:50 Capped Ram
33:42 Siege Ram
33:53 Elite Tiger Cavalry
35:41 Blast Furnace
35:13 Ming Guang Armor
38:31 Bloodlines
38:21 Husbandry
37:43 Heavy Hei Guang Cavalry
41:21 Caravan
51:34 Fletching
51:44 Padded Archer Armor
51:28 Heavy Scorpion
52:22 Thumb Ring
52:43 Parthian Tactics
54:12 Bodkin Arrow
54:32 Leather Archer Armor
55:13 Thumb Ring
55:24 Bracer
56:59 Crop Rotation
57:10 Ring Archer Armor
57:57 Ballistics
58:38 Chemistry
wdog30213
12:04 Feudal Age
11:02 Loom
16:13 Castle Age
16:33 Wheelbarrow
16:08 Double-Bit Axe
16:05 Horse Collar
18:20 Wheelbarrow
26:32 Heavy Plow
29:45 Caravan
30:18 Coinage
33:20 Imperial Age
31:24 Caravan
31:21 Gold Mining
31:48 Treadmill Crane
32:30 Ballistics
32:07 Murder Holes
32:16 Fletching
32:27 Padded Archer Armor
32:47 Bow Saw
33:31 Masonry
33:31 Stone Mining
34:34 Banking
35:09 Chemistry
34:16 Bodkin Arrow
34:36 Leather Archer Armor
35:24 Hand Cart
37:05 Bracer
37:20 Leather Archer Armor
38:31 Arquebus
41:09 Conscription
40:11 Elite Organ Gun
42:09 Bombard Tower
42:22 Architecture
42:00 Siege Engineers
2394984800
0:42 Loom
15:02 Feudal Age
23:40 Wheelbarrow
33:52 Castle Age
31:48 Double-Bit Axe
33:47 Stone Mining
34:15 Gold Mining
36:41 Wheelbarrow
37:31 Horse Collar
41:23 Hand Cart
41:38 Fortified Wall
41:40 Husbandry
41:50 Bloodlines
41:56 Town Watch
43:41 Gold Shaft Mining
43:23 Bow Saw
43:46 Scale Barding Armor
43:52 Forging
46:37 Imperial Age
45:03 Chain Barding Armor
44:57 Bloodlines
45:04 Masonry
46:58 Iron Casting
46:53 Elite Mameluke
47:54 Conscription
48:13 Plate Barding Armor
48:39 Blast Furnace
47:56 Onager
53:49 Pikeman
54:30 Squires
54:16 Gambesons
54:32 Siege Onager
63:36 Siege Engineers
68:04 Caravan
69:08 Light Cavalry
69:53 Hussar
86:41 Scale Mail Armor
adz0615
12:35 Feudal Age
23:27 Castle Age
22:05 Double-Bit Axe
22:12 Gold Mining
22:07 Horse Collar
25:02 Gold Shaft Mining
26:00 Bow Saw
26:19 Crossbowman
27:06 Thumb Ring
37:14 Imperial Age
34:46 Man-at-Arms
35:27 Squires
35:12 Arson
35:39 Treadmill Crane
37:50 Chemistry
37:15 Forced Levy
37:19 Arbalester
39:05 Long Swordsman
40:54 Fletching
41:05 Padded Archer Armor
41:16 Forging
41:40 Bombard Tower
42:01 Two-Handed Swordsman
42:02 Pikeman
43:14 Leather Archer Armor
43:52 Bodkin Arrow
44:34 Iron Casting
44:30 Ring Archer Armor
44:09 Murder Holes
44:36 Ballistics
44:28 Masonry
44:35 Siege Engineers
48:56 Conscription
53:58 Capped Ram
58:30 Caravan
73:54 Wheelbarrow
74:46 Blast Furnace
73:46 Bracer
74:50 Heavy Plow
RONALDEX !!
3:01 Loom
13:06 Feudal Age
14:22 Double-Bit Axe
14:20 Horse Collar
22:02 Castle Age
22:49 Heavy Plow
30:41 Gold Mining
30:42 Stone Mining
31:21 Forging
31:12 Scale Mail Armor
31:17 Scale Barding Armor
37:01 Imperial Age
37:54 Wheelbarrow
37:25 Husbandry
37:53 Chain Barding Armor
37:49 Chain Mail Armor
38:09 Iron Casting
39:20 Squires
38:41 Pikeman
39:07 Arson
38:45 Cavalier
41:26 Paladin
42:34 Bow Saw
45:09 Crop Rotation
44:20 Halberdier
49:03 Two-Man Saw
49:56 Chemistry
48:57 Murder Holes
52:41 Light Cavalry
53:31 Bloodlines
55:42 Winged Hussar
66:11 Fortified Wall
71:04 Plate Barding Armor
Landlord of Lead
1:22 Loom
19:48 Feudal Age
20:33 Double-Bit Axe
20:33 Horse Collar
22:27 Wheelbarrow
23:48 Forging
23:40 Scale Mail Armor
24:15 Arson
25:45 Gold Mining
26:14 Fletching
31:34 Castle Age
29:51 Scale Barding Armor
30:01 Bloodlines
32:23 Gambesons
33:17 Iron Casting
32:39 Bodkin Arrow
33:01 Chain Mail Armor
33:07 Chain Barding Armor
34:38 Hand Cart
34:36 Stirrups
35:51 Gold Shaft Mining
36:28 Squires
36:00 Pikeman
37:41 Bow Saw
38:45 Heavy Plow
42:21 Town Watch
48:03 Imperial Age
56:27 Plate Mail Armor
55:40 Capped Ram
60:56 Blast Furnace
59:57 Bracer
60:35 Crop Rotation
59:43 Siege Ram
65:15 Masonry
65:01 Murder Holes
67:36 Halberdier
78:38 Bagains
79:00 Conscription
79:28 Halberdier
84:22 Halberdier
abou
0:29 Loom
14:16 Feudal Age
15:53 Wheelbarrow
15:04 Town Watch
17:06 Double-Bit Axe
18:27 Horse Collar
18:44 Fishing Lines
24:14 Castle Age
31:50 Imperial Age
29:20 Gold Mining
29:21 Stone Mining
31:03 Heavy Plow
31:26 Bow Saw
32:19 Gillnets
33:37 Treadmill Crane
34:26 Hand Cart
33:37 Heavy Camel Rider
34:28 Bloodlines
34:21 Husbandry
35:24 Fletching
35:07 Onager
37:06 Murder Holes
37:26 Scale Barding Armor
37:32 Forging
38:44 Conscription
38:56 Chain Barding Armor
40:13 Scale Mail Armor
41:56 Plate Barding Armor
41:38 Chain Mail Armor
41:39 Tigui
43:23 Iron Casting
44:27 Farimba
45:29 Crop Rotation
46:42 Ballistics
47:22 Chemistry
49:45 Hoardings
52:27 Elite Gbeto
55:14 Plate Mail Armor
60:34 Light Cavalry
62:51 Bodkin Arrow
62:57 Padded Archer Armor
63:03 Town Patrol
63:18 Masonry
62:40 Elite Skirmisher
64:48 Caravan
71:02 Architecture
75:50 Gold Shaft Mining
77:48 Leather Archer Armor
Connection lost

Rejoining the realm…

Still unreachable

The connection could not be restored.

Session expired

The server has moved on; the page needs a fresh start.